 Dungeon Crawl Stone Soup version 0.30-a0-1163-gf69bf04e7a (webtiles) character file.

Game seed: 7555790169952726765

88 IdlyInterested the Trooper (level 4, 0/37 HPs)
             Began as a Demonspawn Fighter on Apr 28, 2023.
             Slain by a cerulean imp
             ... wielding a +1 spear
             ... summoned by Natasha
              (3 damage)
             ... on level 3 of the Dungeon.
             The game lasted 00:07:01 (2458 turns).

IdlyInterested the Trooper (Demonspawn Fighter)     Turns: 2458, Time: 00:07:01

Health: 0/37       AC: 11    Str: 16    XL:     4   Next: 30%
Magic:  4/4        EV:  3    Int:  9    God:
Gold:   71         SH: 12    Dex: 15    Spells: 3/3 levels left

rFire   . . .        a - +0 rapier
rCold   . . .        o - +0 kite shield
rNeg    . . .        k - +0 plate armour
rPois   .            (no helmet)
rElec   .            (no cloak)
rCorr   .            (no gloves)
SInv    .            (no boots)
Will    .....        (no amulet) Stlth
                     (no ring)
HPRegen 0.26/turn    (no ring)
MPRegen 0.09/turn

%: no passive effects
@: no status effects
A: hooves 2, condensation shield
a: no special abilities


You were on level 3 of the Dungeon.
You visited 1 branch of the dungeon, and saw 3 of its levels.

You collected 71 gold pieces.

Inventory:

Hand Weapons
 a - a +0 rapier (weapon)
Missiles
 b - 7 stones (quivered)
 i - 4 poisoned darts
 l - 4 silver boomerangs
 n - 6 boomerangs
Armour
 c - a +0 buckler
 k - a +0 plate armour (worn)
 o - a +0 kite shield (worn)
Scrolls
 g - a scroll of teleportation {unknown}
 h - a scroll of noise {unknown}
 j - a scroll of enchant armour
 m - 2 scrolls of immolation {unknown}
Potions
 d - a potion of might
 e - a potion of brilliance {unknown}
 f - 2 potions of mutation
 p - a potion of attraction {unknown}


   Skills:
 + Level 4.1 Fighting
 - Level 1.7 Short Blades
 - Level 1.2 Throwing
 * Level 2.8 Armour
 - Level 1.0 Dodging
 - Level 1.0 Stealth
 - Level 2.6 Shields
 - Level 1.0 Evocations


You had 3 spell levels left.
You didn't know any spells.
Your spell library contained the following spells:

 Spells                   Type           Power      Damage    Failure   Level
 Necrotise                Necr           0%         1d4       100%        1
 Vampiric Draining        Necr           0%         2d6       100%        3
 Agony                    Necr           0%         N/A       100%        5


Dungeon Overview and Level Annotations

Branches:
Dungeon (3/15)

Altars:

Annotations:
D:3 Natasha


Innate Abilities, Weirdness & Mutations

You have hoof-like feet.
A meltable shield of frost defends you. (SH +4)


Message History

The cerulean imp hits you with a +0 spear.
Natasha claws you but does no damage.
The cerulean imp hits you but does no damage.
You barely miss Natasha.
Natasha is almost dead.
The cerulean imp disappears in a puff of smoke!
The cerulean imp hits you but does no damage.
You block the cerulean imp's attack.
Natasha stares at you and mumbles some strange words.
The magic dart hits you but does no damage.
You block the cerulean imp's attack.
The cerulean imp hits you with a +0 spear.
Natasha claws you but does no damage.
The cerulean imp hits you but does no damage.
You barely miss Natasha. Your kick misses Natasha.
Natasha is almost dead.
You feel yourself speed up.
The cerulean imp hits you with a +0 spear.
* * * LOW HITPOINT WARNING * * *
Natasha claws you but does no damage.
The cerulean imp hits you from afar with a +1 spear.
* * * LOW HITPOINT WARNING * * *
Natasha casts a spell.
The cerulean imp hits you but does no damage.
You closely miss Natasha.
Natasha is almost dead.
The cerulean imp disappears in a puff of smoke!
You block the cerulean imp's attack.
Natasha mumbles some strange words.
You block the cerulean imp's attack.
The cerulean imp hits you but does no damage.
You closely miss Natasha. You kick Natasha.
Natasha is almost dead.
Natasha claws you.
* * * LOW HITPOINT WARNING * * *
You block the cerulean imp's attack.
The cerulean imp hits you from afar with a +1 spear.
* * * LOW HITPOINT WARNING * * *
The cerulean imp hits you from afar with a +1 spear.
You die...

######## #......#
#......# #......#
#...5..# ############
######
##.[....#####...##......
......
.....5h@....'...'.......
######
##......#####...##......
#.....5# #...##......
##################
#...##......
#..........#
######......
#..........#
#...........
#..........#
#...........
..###......#
#.......####
#.###......# #.......#


You could see Natasha and 3 cerulean imps.

Vanquished Creatures
  Jessica (D:2)
  An adder (D:3)
  An orc (D:3)
  3 endoplasms
  4 goblins
  6 hobgoblins
  4 jackals (D:3)
  4 quokkas
  9 ball pythons
  4 bats (D:1)
  2 frilled lizards (D:2)
  4 kobolds
  6 rats
  A bush (D:1)
50 creatures vanquished.

Notes
Turn   | Place    | Note
-------+----------+-------------------------------------------
     0 | D:1      | IdlyInterested the Demonspawn Fighter began the quest for
                  | the Orb.
     0 | D:1      | Reached XP level 1. HP: 18/18 MP: 1/1
   139 | D:1      | Reached skill level 1 in Stealth
   184 | D:1      | Gained mutation: A meltable shield of frost defends you.
                  | (SH +4) [demonic ancestry]
   184 | D:1      | Reached XP level 2. HP: 24/24 MP: 2/2
   352 | D:1      | Reached skill level 1 in Dodging
  1069 | D:2      | Found a faded altar of an unknown god.
  1154 | D:2      | Noticed Jessica
  1163 | D:2      | Killed Jessica
  1164 | D:2      | Reached skill level 4 in Fighting
  1164 | D:2      | Reached skill level 1 in Throwing
  1164 | D:2      | Gained mutation: You have large cloven feet. [demonic
                  | ancestry]
  1164 | D:2      | Reached XP level 3. HP: 30/30 MP: 3/3
  1920 | D:3      | Gained mutation: You have hoof-like feet. [demonic
                  | ancestry]
  1920 | D:3      | Reached XP level 4. HP: 37/37 MP: 4/4
  2094 | D:3      | Reached skill level 1 in Evocations
  2441 | D:3      | Noticed Natasha
  2458 | D:3      | Slain by a cerulean imp

Illustrated notes

Levels and vault maps discovered:
D:1:      sevenhm_arrival_forest_fort_small_4, layout_rooms, serial_forest,
          infiniplex_forest_split, infiniplex_forest_straight_1,
          infiniplex_forest_lined_room_2, infiniplex_forest_zigzag_1,
          infiniplex_forest_clump_small
D:2:      layout_basic, hellmonk_ecumenical_altar_heavens_door, uniq_jessica
D:3:      layout_basic, uniq_natasha

Skill      XL: |  1  2  3  4 |
---------------+-------------+-----
Stealth        | 1 |  1.0
Dodging        | 1 |  1.0
Fighting       | 4 |  4.1
Throwing       | 1 |  1.2
Evocations     | 1 |  1.0
Short Blades   | |  1.7
Armour         | |  2.8
Shields        | |  2.6

Action                     |  1- 3 |  4- 6 || total
---------------------------+-------+-------++-------
  Melee: Rapier            |   289 |    33 ||   322
         Kick              |     9 |     7 ||    16
  Throw: Stone             |     5 |     9 ||    14
         Dart              |     2 |       ||     2
    Use: Scroll            |     2 |       ||     2
 Armour: Scale mail        |    47 |       ||    47
         Plate armour      |       |    33 ||    33
  Dodge: Dodged            |    42 |     3 ||    45
  Block: Buckler           |    43 |     6 ||    49
         Kite shield       |       |    27 ||    27

Table legend: (Time is in decaauts)
 A = Elapsed time spent in this place.
 B = Non-inter-level travel time spent in this place.
 C = Inter-level travel time spent in this place.
 D = Time resting spent in this place.
 E = Time spent auto-exploring this place.
 F = Levels seen in this place.
 G = Mean time per level.
                   A        B        C        D        E       F      G
               +--------+--------+--------+--------+--------+-----+--------+
         Total |   2517 |   2295 |    222 |     37 |   1577 |   3 |  839.0 |
       Dungeon |   2517 |   2295 |    222 |     37 |   1577 |   3 |  839.0 |
               +--------+--------+--------+--------+--------+-----+--------+

Top non-repeatable levels by time:
     D:2: 1075 daAuts
     D:1: 924 daAuts
     D:3: 516 daAuts
